 Dungeon Crawl Stone Soup version 0.28-a0-413-gde365fb1df (webtiles) character file.

Game seed: 13914187825033466691

186 robertstho the Magician (level 5, -5/38 HPs)
             Began as a Djinni Fire Elementalist on Sept 7, 2021.
             Slain by an iguana (9 damage)
             ... on level 2 of the Dungeon.
             The game lasted 00:03:34 (3942 turns).

robertstho the Magician (Djinni Fire Elementalist)  Turns: 3942, Time: 00:03:36

Health: -5/38      AC:  2    Str:  7    XL:     5   Next: 98%
Gold:   65         EV: 12    Int: 17    God:
                   SH:  0    Dex: 14

rFire   + + .      SeeInvis .   g - +0 rapier
rCold   x . .      Faith    .   (no shield)
rNeg    . . .      Spirit   .   a - +0 robe
rPois   ∞          Reflect  .   (no helmet)
rElec   .          Harm     .   (no cloak)
rCorr   .          Rampage  .   (no gloves)
Will    .....                   (boots unavailable)
Stlth   ++........              (no amulet)
HPRegen 0.12/turn               (no ring)
MPRegen 0.00/turn               (no ring)

@: brilliant, flying
A: sickness immunity, fire resistance 2, cold vulnerability 1, float, innate
caster, hp casting, extra vitality 1
a: no special abilities


You were on level 2 of the Dungeon.
You visited 1 branch of the dungeon, and saw 3 of its levels.

You collected 65 gold pieces.

Inventory:

Hand Weapons
 g - a +0 rapier (weapon)
Armour
 a - a +0 robe (worn)
Jewellery
 i - an amulet of reflection
Scrolls
 e - a scroll of identify
 h - a scroll of immolation {unknown}
 j - a scroll of vulnerability {unknown}
 k - a scroll of teleportation {unknown}
 l - 2 scrolls of magic mapping
 m - a scroll of fog {unknown}
Potions
 b - a potion of magic {unknown}
 c - a potion of brilliance
 f - 3 potions of flight


   Skills:
 * Level 2.0 Fighting
 + Level 2.4 Dodging
 + Level 1.8 Stealth
 * Level 4.2 Spellcasting


You couldn't memorise any spells.
You knew the following spells:

 Your Spells              Type           Power      Damage    Failure   Level
a - Foxfire               Conj/Fire      100%       2x1d9     2%          1
b - Scorch                Fire           54%        2d8       4%          2
c - Conjure Flame         Conj/Fire      27%        6-21      8%          3
d - Inner Flame           Hex/Fire       27%        N/A       8%          3
e - Flame Wave            Conj/Fire      27%        3d6       26%         4
f - Pain                  Necr           100%       1d9       2%          1
g - Corpse Rot            Necr/Air       N/A        N/A       4%          2
Your spell library was empty.

Dungeon Overview and Level Annotations

Branches:
Dungeon (3/15)

Altars:
Ashenzari
Wu Jian

Annotations:
D:3 2 runed translucent doors, varamyr's ghost, amateur MfGl


Innate Abilities, Weirdness & Mutations

You are immune to sickness and miasma.
You are immune to poison.
Your flesh is very heat resistant. (rF++)
You are vulnerable to cold. (rC-)
You float through the air rather than walking.
You learn spells naturally, not from books.
Your magical power is your life essence.
You have superior vitality. (+4 HP)


Message History

Casting: Foxfire (safe; 2% risk of failure)
Press: ? - help, Q - select action, (/) - cycle Dir - look around, f - activate You conjure some foxfire!
The foxfire hits the iguana but does no damage.
The iguana is moderately wounded.
The foxfire hits the iguana.
The iguana is heavily wounded.
The iguana bites you.
The foxfire hits the iguana.
The iguana is almost dead.
The foxfire hits the iguana.
The iguana is almost dead.
Found 18 sling bullets.
You see here a worm corpse.
There is a stone staircase leading up here.
The iguana bites you!
* * * LOW HITPOINT WARNING * * *
You fly upwards.
There is a stone staircase leading down here.
It was a potion of brilliance.
You feel clever all of a sudden. The iguana misses you.
It was a potion of curing.
You feel better. The iguana misses you.
You feel better. The iguana closely misses you.
As you read the scroll labelled LYSARA GOU, it crumbles to dust.
It is a scroll of identify.
l - 2 scrolls of magic mapping The iguana bites you!
The iguana bites you!
* * * LOW HITPOINT WARNING * * *
It was a potion of flight.
You feel more buoyant. The iguana closely misses you.
You aren't carrying any items that you can evoke.
Casting: Foxfire (safe; 2% risk of failure)
Press: ? - help, Q - select action, (/) - cycle Dir - look around, f - activate You feel a surge of power!
You conjure some foxfire!
* * * LOW HITPOINT WARNING * * *
The iguana bites you!
You die...

#.##.....###########
#.######.##........#
#.# #..#.######.#
#.#######.#......#.#
#.#>................
#.#.##..............
#.#.##.#......##.#..
#.#l##.#.####....#..
#.v@................
###v##.#.#######<...
#.##.#...........#
#....(............
####.........#####
#########.# #
########.#####
#........#....
#.............


You could see an iguana (ally target).

Vanquished Creatures
  A jelly (D:3)
  2 orc wizards (D:3)
  3 adders (D:2)
  An adder skeleton (D:2)
  3 worms
  A dart slug (D:1)
  3 orcs (D:3)
  6 endoplasms (D:1)
  4 giant cockroaches
  7 goblins
  3 hobgoblins
  4 jackals (D:3)
  2 kobolds
  7 quokkas
  3 ball pythons
  7 bats
  2 frilled lizards
  2 rats
61 creatures vanquished.

Vanquished Creatures (others)
  341 foxfires
341 creatures vanquished.

Grand Total: 402 creatures vanquished

Notes
Turn   | Place    | Note
-------+----------+-------------------------------------------
     0 | D:1      | robertstho the Djinni Fire Elementalist began the quest for
                  | the Orb.
     0 | D:1      | Reached XP level 1. HP: 15/15 MP: 0/0
   191 | D:1      | Found a faded altar of an unknown god.
   297 | D:1      | Reached XP level 2. HP: 20/22 MP: 0/0
   812 | D:1      | Reached XP level 3. HP: 17/26 MP: 0/0
   812 | D:1      | Learned a level 1 spell: Pain
  1031 | D:1      | Reached skill level 3 in Spellcasting
  1068 | D:1      | Reached skill level 1 in Fighting
  1831 | D:2      | Reached XP level 4. HP: 28/32 MP: 0/0
  2907 | D:3      | Found an ornate altar of the Wu Jian Council.
  3006 | D:3      | Reached XP level 5. HP: 35/38 MP: 0/0
  3006 | D:3      | Learned a level 2 spell: Corpse Rot
  3420 | D:3      | Reached skill level 4 in Spellcasting
  3732 | D:3      | Found a broken altar of Ashenzari.
  3875 | D:3      | Found a large runed translucent door.
  3878 | D:3      | Found a large runed translucent door.
  3878 | D:3      | Noticed varamyr's ghost (amateur MfGl)
  3942 | D:2      | Slain by an iguana

Illustrated notes

Levels and vault maps discovered:
D:1:      nzn_arrival_settlement, layout_rooms,
          chequers_ecumenical_altar_simple, nrook_mini_backslash, fountainhead
D:2:      layout_basic, hangedman_glass_teeth, grunt_decor_one_mirror
D:3:      layout_loops_ring, nicolae_wu_jian_glorious_leap, ashenzari_altar_1,
          ebering_ghost_disaster_area

Skill      XL: |  1  2  3  4  5 |
---------------+----------------+-----
Spellcasting   | 3 4 |  4.2
Fighting       | 1 2 |  2.0
Dodging        | |  2.4
Stealth        | |  1.8

Action                   |  1- 3 |  4- 6 || total
-------------------------+-------+-------++-------
Melee: Unarmed           |     3 |       ||     3
 Cast: Foxfire           |   103 |   116 ||   219
  Use: Potion            |       |     4 ||     4
       Scroll            |       |     1 ||     1
Armor: Robe              |       |     4 ||     4
Dodge: Dodged            |     6 |    24 ||    30

Table legend: (Time is in decaauts)
 A = Elapsed time spent in this place.
 B = Non-inter-level travel time spent in this place.
 C = Inter-level travel time spent in this place.
 D = Time resting spent in this place.
 E = Time spent auto-exploring this place.
 F = Levels seen in this place.
 G = Mean time per level.
                   A        B        C        D        E       F      G
               +--------+--------+--------+--------+--------+-----+--------+
         Total |   3941 |   3897 |     44 |      0 |   3424 |   3 | 1313.7 |
       Dungeon |   3941 |   3897 |     44 |      0 |   3424 |   3 | 1313.7 |
               +--------+--------+--------+--------+--------+-----+--------+

Top non-repeatable levels by time:
     D:2: 1513 daAuts
     D:1: 1317 daAuts
     D:3: 1110 daAuts
